 Dungeon Crawl Stone Soup version 0.17.0-27-g4a3f43e (webtiles) character file.

26663 schauveau the Cleaver (level 13, -1/84 HPs)
             Began as a Gargoyle Berserker on Nov 21, 2015.
             Was the Champion of Trog.
             Slain by a komodo dragon (16 damage)
             ... on level 3 of the Lair of Beasts.
             The game lasted 00:39:38 (12759 turns).

schauveau the Cleaver (Gargoyle Berserker)         Turns: 12759, Time: 00:39:38

Health: -1/84      AC: 27    Str: 29    XL:     13   Next: 27%
Magic:  13/13      EV:  7    Int:  7    God:    Trog [******]
Gold:   571        SH: 12    Dex:  9    Spells: 0 memorised, 12 levels left

rFire  . . .     SeeInvis .     a - +2 war axe
rCold  + . .     Clarity  .     r - +1 plate armour
rNeg   + . .     SustAt   .     W - +0 shield
rPois  ∞         Gourm    .     F - +2 hat
rElec  +         Spirit   .     (no cloak)
rCorr  .         Warding  .     (no gloves)
rMut   .         Stasis   .     (no boots)
MR     .....                    B - amulet of faith
Stlth  ..........               J - ring of invisibility
                                g - ring of protection from cold

@: not resistant to hostile enchantments, extremely unstealthy
A: negative energy resistance 1, electricity resistance, strong 1, unbreathing,
petrification resistance, rot immunity, AC +9
a: Berserk, Trog's Hand, Brothers in Arms, Burn Spellbooks, Renounce Religion,
Evoke Invisibility


You were on level 3 of the Lair of Beasts.
You worshipped Trog.
Trog was exalted by your worship.
You were not hungry.

You visited 2 branches of the dungeon, and saw 15 of its levels.
You also visited: Volcano.

You collected 1075 gold pieces.
You spent 504 gold pieces at shops.

Inventory:

Hand Weapons
 a - a +2 war axe (weapon)
 b - a +2 hand crossbow of velocity
 j - a +0 blowgun
 n - a +0 antimagic broad axe
 v - a +3 flail of holy wrath
 A - the +2 long sword of Plunder {flame, *Rage rF++ rN++}
   (You found it on level 3 of the Lair of Beasts)

   It has been specially enchanted to burn those struck by it, causing extra
   injury to most foes and up to half again as much damage against particularly
   susceptible opponents.
   Big, fiery blades are also staple armaments of hydra-hunters.
   It greatly protects you from fire.
   It greatly protects you from negative energy.
   It may make you go berserk in combat.
Missiles
 h - 11 curare-tipped needles
 l - 40 bolts
 u - 8 tomahawks (quivered)
 G - 7 needles of confusion
 Z - 2 javelins of penetration
Armour
 r - a +1 plate armour (worn)
 F - a +2 hat (worn)
 W - a +0 shield (worn)
Jewellery
 e - an uncursed ring of stealth
 g - a ring of protection from cold (left hand)
 t - an uncursed ring of fire {unknown}
 x - an uncursed ring of flight
 y - an uncursed amulet of the gourmand
 B - an amulet of faith (around neck)
 J - a ring of invisibility (right hand)
Wands
 f - a wand of draining (6)
 i - a wand of frost (11)
 m - a wand of cold (9)
 o - a wand of random effects (23)
 R - a wand of polymorph (7)
 X - a wand of paralysis (8)
 Y - a wand of enslavement (9)
Scrolls
 c - a scroll of acquirement {unknown}
 d - 8 scrolls of teleportation
 p - 6 scrolls of remove curse
 C - 4 scrolls of blinking
 O - a scroll of fog
Potions
 k - a potion of flight
 q - 3 potions of curing
 s - a potion of haste
 D - a potion of might
Comestibles
 w - 5 chunks of flesh
 z - a bread ration
 E - 21 fruits
 U - 6 slices of pizza


   Skills:
 + Level 11.3 Fighting
 * Level 13.1 Axes
 + Level 11.1 Armour
 - Level 1.5 Dodging
 + Level 10.3 Shields


You had 12 spell levels left.
You didn't know any spells.

Dungeon Overview and Level Annotations

Branches:
Dungeon (10/15)            Temple (0/1) D:4            Lair (5/8) D:9
 Shoals (0/4) Lair:3        Snake (0/4) Lair:3
    Orc: D:9-12

Altars:
Ashenzari
Fedhas
Gozag
Nemelex Xobeh
Okawaru
Sif Muna
Trog
Yredelemnul
The Shining One

Shops:
D:8 ?


Innate Abilities, Weirdness & Mutations

You are resistant to torment.
Your stone body is resilient (AC +9).
You are immune to poison.
You resist negative energy.
You are resistant to electric shocks.
You can survive without breathing.
You are immune to petrification.
You are immune to rotting.
Your muscles are strong. (Str +2)


Message History

The komodo dragon bites you but does no damage.
You closely miss the komodo dragon.
The komodo dragon is almost dead.
The komodo dragon bites you.
* * * LOW HITPOINT WARNING * * *
You barely miss the komodo dragon.
The komodo dragon is almost dead.
You block the komodo dragon's attack.
You hit the komodo dragon.
The komodo dragon is almost dead.
You block the komodo dragon's attack.
Unknown command.
Wield which item (- for none, * to show all)? (? for menu, Esc to quit)
Okay, then.
You barely miss the komodo dragon.
The komodo dragon is almost dead.
You hit the komodo dragon.
The komodo dragon is almost dead.
The komodo dragon bites you!
You die...

,*,*,,,,*****##.Y.##.............
,*,*,,..##..#*#Y+##..............
,*,*,,.....#.#.....##..........##
,*,*,,,...#....YY....###.........
,*,,,,,,#.....####.....#.........
,*,*,,,##..#......#.....#....<...
,*,**,,#.................#.......
,*,,*,,#..#...⌠...⌠...#..#.......
,,,,*,,+.......l@................
,,,,*,....#...⌠...⌠...#..........
,*,*,,.#...#..........#..#.......
,***,,*##....##...#.....##.......
,*,,,*,*##....##.##....###......<
,,,,,,**,##...........## ##....#.
***,*,,*,,.###.....###.###P..####
***,*,,..* ##..###....###..#
*,,,...* ##.......###P..##


You could see a komodo dragon.

Vanquished Creatures
  5 hydras
  A queen ant (Lair:2)
  Pikel (D:9)
  2 griffons (Lair:3)
  An ugly thing (Volcano)
  A manticore (Lair:3)
  A toenail golem (Volcano)
  A guardian serpent (Lair:3)
  2 molten gargoyles (Volcano)
  7 black mambas
  2 spiny frogs
  2 komodo dragons
  An efreet (Volcano)
  3 trolls (D:9)
  Sigmund (D:6)
  26 yaks
  5 hippogriffs
  5 fire bats
  A fire elemental (Volcano)
  A hungry ghost (D:7)
  Edmund (D:6)
  19 soldier ants (Lair:2)
  8 porcupines
  6 water moccasins
  3 ice beasts
  A sky beast (D:7)
  2 ogres
  4 phantoms
  An orc warrior (D:9)
  2 black bears
  A necrophage (D:7)
  5 crocodiles
  A centaur (D:8)
  3 big kobolds (D:9)
  An earth elemental (Volcano)
  5 giant frogs
  2 wyvern zombies (D:6)
  3 scorpions
  2 electric eels (D:6)
  4 crimson imps
  12 killer bees
  A giant frog zombie (D:8)
  2 lava snakes (Volcano)
  2 orc priests
  5 hounds
  7 orc wizards
  8 iguanas
  Terence (D:3)
  27 worker ants
  Natasha (thrice) (D:2)
  2 sheep (D:9)
  A killer bee zombie (D:7)
  A hound zombie (D:5)
  2 hound skeletons
  7 gnolls
  11 adders
  45 river rats
  A worker ant zombie (D:8)
  An adder zombie (D:8)
  3 oozes
  2 adder skeletons
  2 worms (D:3)
  40 orcs
  10 giant cockroaches
  10 goblins
  6 hobgoblins
  12 kobolds
  5 quokkas
  3 ball pythons
  10 bats
  A giant cockroach zombie (D:3)
  4 giant geckos
  A giant gecko zombie (D:5)
  9 giant newts
  2 jackals (D:5)
  7 rats
  3 fungi (D:9)
412 creatures vanquished.

Vanquished Creatures (collateral kills)
  Sonja (Lair:2)
  A soldier ant (Lair:2)
2 creatures vanquished.

Vanquished Creatures (others)
  A slave (D:9)
  A scorpion (D:9)
  A worker ant (D:9)
  8 fungi
11 creatures vanquished.

Grand Total: 425 creatures vanquished

Notes
Turn   | Place    | Note
--------------------------------------------------------------
     0 | D:1      | schauveau the Gargoyle Berserker began the quest for the Orb.
     0 | D:1      | Reached XP level 1. HP: 14/14 MP: 1/1
    63 | D:1      | Reached XP level 2. HP: 9/19 MP: 2/2
   390 | D:1      | You fall through a shaft!
   390 | D:2      | Noticed Natasha
   437 | D:2      | Killed Natasha
   437 | D:2      | Reached XP level 3. HP: 18/24 MP: 3/3
   598 | D:1      | Reached ** piety under Trog
   598 | D:1      | Reached skill level 4 in Fighting
   738 | D:2      | Reached XP level 4. HP: 21/29 MP: 4/4
   780 | D:2      | Noticed Natasha
   798 | D:2      | Killed Natasha
  1006 | D:2      | Noticed Natasha
  1014 | D:2      | Killed Natasha
  1232 | D:2      | Reached XP level 5. HP: 32/34 MP: 5/5
  1662 | D:3      | Noticed Terence
  1665 | D:3      | Reached *** piety under Trog
  1668 | D:3      | Reached skill level 1 in Shields
  1673 | D:3      | Killed Terence
  1673 | D:3      | Reached XP level 6. HP: 39/39 MP: 6/6
  1926 | D:3      | Found a sparkling altar of Nemelex Xobeh.
  1969 | D:4      | Gained mutation: Your muscles are strong. (Str +2) [potion of beneficial mutation]
  1981 | D:4      | Reached **** piety under Trog
  2212 | D:4      | Reached skill level 5 in Fighting
  2217 | D:4      | Noticed a phantom
  2245 | D:4      | Killed a phantom
  2245 | D:4      | Reached skill level 5 in Axes
  2245 | D:4      | Reached XP level 7. HP: 35/44 MP: 7/7
  2271 | D:4      | Found a staircase to the Ecumenical Temple.
  2539 | D:5      | Entered Level 5 of the Dungeon
  2945 | D:5      | Reached XP level 8. HP: 29/50 MP: 8/8
  3171 | D:5      | Reached skill level 6 in Axes
  3171 | D:5      | Reached skill level 5 in Armour
  4022 | D:6      | Noticed Edmund
  4035 | D:6      | Killed Edmund
  4205 | D:6      | Reached skill level 7 in Axes
  4247 | D:6      | Noticed Sigmund
  4263 | D:6      | Killed Sigmund
  4263 | D:6      | Reached XP level 9. HP: 29/56 MP: 9/9
  4573 | D:6      | Reached skill level 5 in Shields
  4602 | D:6      | Found a blossoming altar of Fedhas.
  4602 | D:6      | Found an opulent altar of Gozag.
  4602 | D:6      | Found a glowing golden altar of the Shining One.
  4602 | D:6      | Found a deep blue altar of Sif Muna.
  4649 | D:6      | Found a basalt altar of Yredelemnul.
  4649 | D:6      | Found an iron altar of Okawaru.
  5247 | D:7      | Found a bloodstained altar of Trog.
  5292 | D:7      | Reached skill level 8 in Axes
  5422 | D:7      | Reached ***** piety under Trog
  5444 | D:7      | Found an opulent altar of Gozag.
  5922 | D:8      | Found an opulent altar of Gozag.
  6228 | D:8      | Reached XP level 10. HP: 55/64 MP: 10/10
  6641 | D:8      | Found a shattered altar of Ashenzari.
  6649 | D:8      | Found Ledwe's Magic Scroll Shoppe.
  6697 | D:8      | Received a gift from Trog
  6735 | D:8      | Bought a scroll of teleportation for 48 gold pieces
  6735 | D:8      | Bought a scroll of recharging for 152 gold pieces
  6735 | D:8      | Bought a scroll of enchant armour for 120 gold pieces
  6735 | D:8      | Bought a scroll of enchant weapon for 120 gold pieces
  6735 | D:8      | Bought a scroll of fog for 32 gold pieces
  6735 | D:8      | Bought a scroll of identify for 32 gold pieces
  6881 | D:9      | Reached skill level 9 in Axes
  6924 | D:10     | Entered Level 10 of the Dungeon
  7162 | D:9      | Noticed a two-headed hydra
  7171 | D:9      | Killed a one-headed hydra
  7481 | D:9      | Found a staircase to the Lair.
  7554 | D:9      | Noticed Pikel
  7572 | D:9      | Killed Pikel
  7578 | D:9      | Reached skill level 10 in Axes
  8091 | Lair:1   | Entered Level 1 of the Lair of Beasts
  8101 | Lair:1   | Reached XP level 11. HP: 53/69 MP: 11/11
  8374 | Lair:1   | Received a gift from Trog
  8906 | Lair:1   | Noticed a seven-headed hydra
  8919 | Lair:1   | Killed a one-headed hydra
  8919 | Lair:1   | Reached skill level 11 in Axes
  8958 | Lair:1   | Noticed a six-headed hydra
  8993 | Lair:1   | Killed a two-headed hydra
  9147 | Lair:2   | Noticed a seven-headed hydra
  9194 | Lair:2   | HP: 2/72 [one-headed hydra (9)]
  9196 | Lair:2   | Killed a one-headed hydra
  9571 | Lair:2   | Noticed Sonja
  9699 | Lair:3   | Found a dark tunnel.
  9705 | Lair:3   | Reached skill level 10 in Fighting
  9709 | Lair:3   | Reached XP level 12. HP: 69/77 MP: 12/12
  9735 | Volcano  | Entered a volcano
 10004 | Volcano  | Found a radiant altar of Vehumet.
 10323 | Volcano  | Received a gift from Trog
 10435 | Lair:3   | Found a staircase to the Shoals.
 10447 | Lair:3   | Reached skill level 10 in Armour
 10517 | Lair:2   | Reached skill level 12 in Axes
 10919 | Lair:2   | Killed Sonja
 11048 | Lair:2   | Received a gift from Trog
 11296 | Lair:2   | Noticed a queen ant
 11311 | Lair:2   | Killed a queen ant
 11633 | Lair:2   | Received a gift from Trog
 12017 | Lair:4   | Noticed a six-headed hydra
 12031 | Lair:4   | Killed a one-headed hydra
 12031 | Lair:4   | Reached XP level 13. HP: 18/84 MP: 13/13
 12084 | Lair:4   | Reached skill level 10 in Shields
 12211 | Lair:4   | Reached ****** piety under Trog
 12489 | Lair:3   | Reached skill level 13 in Axes
 12587 | Lair:3   | Got a smoking long sword
 12601 | Lair:3   | Identified the cursed +2 long sword of Plunder {flame, *Rage rF++ rN++} (You found it on level 3 of the Lair of Beasts)
 12672 | Lair:3   | Found a staircase to the Snake Pit.
 12759 | Lair:3   | Slain by a komodo dragon

Action                   |  1- 3 |  4- 6 |  7- 9 | 10-12 | 13-15 || total
-------------------------+-------+-------+-------+-------+-------++-------
Melee: Hand axe          |    78 |    88 |       |       |       ||   166
       War axe           |       |   124 |   417 |   612 |   179 ||  1332
       Falchion          |       |       |       |    40 |       ||    40
       Broad axe         |       |       |       |   200 |       ||   200
 Fire: Hand crossbow     |       |       |       |     2 |       ||     2
Invok: Berserk           |     1 |     3 |     1 |     1 |       ||     6
       Burn Spellbooks   |       |       |     1 |     1 |       ||     2
       Brothers in Arms  |       |       |       |     2 |       ||     2
 Abil: Stop Flying       |       |       |       |     1 |       ||     1
       Evoke Flight      |       |       |       |     1 |       ||     1
Evoke: Wand              |       |       |       |     4 |       ||     4
  Use: Potion            |     1 |     1 |       |     3 |     1 ||     6
       Scroll            |       |     6 |    11 |    11 |     1 ||    29
 Stab: Distracted        |       |       |       |     1 |       ||     1
  Eat: Chunk             |       |     9 |    17 |     8 |     3 ||    37
       Fruit             |       |       |     3 |     2 |       ||     5
       Beef jerky        |       |       |     1 |     1 |       ||     2
       Meat ration       |       |       |     1 |     1 |       ||     2
       Pizza             |       |       |     1 |       |       ||     1
